 Dungeon Crawl Stone Soup version 0.27-a0-898-g810843a28d (webtiles) character file.

Game seed: 14080969985036195873

5 Alarkh the Insei (level 1, -1/16 HPs)
             Began as a Demonspawn Gladiator on Apr 5, 2021.
             Slain by a hobgoblin (3 damage)
             ... on level 1 of the Dungeon.
             The game lasted 00:00:23 (255 turns).

Alarkh the Insei (Demonspawn Gladiator)              Turns: 255, Time: 00:00:24

Health: -1/16      AC:  4    Str: 14    XL:     1   Next: 66%
Magic:  1/1        EV: 12    Int:  9    God:
Gold:   0          SH:  0    Dex: 14    Spells: 0/0 levels left

rFire    . . .     SeeInvis .     - Unarmed
rCold    . . .     Faith    .   (no shield)
rNeg     . . .     Spirit   .   a - +0 leather armour
rPois    .         Reflect  .   b - +0 helmet
rElec    .         Harm     .   (no cloak)
rCorr    .         Rampage  .   (no gloves)
Will     .....                  (no boots)
Stlth    +.........             (no amulet)
HPRegen  0.05/turn              (no ring)
MPRegen  0.07/turn              (no ring)

@: no status effects
A: no striking features
a: no special abilities


You were on level 1 of the Dungeon.
You visited 1 branch of the dungeon, and saw 1 of its levels.

Inventory:

Missiles
 c - 2 throwing nets (quivered)
Armour
 a - a +0 leather armour (worn)
 b - a +0 helmet (worn)


   Skills:
 + Level 2.1 Fighting
 - Level 1.7 Throwing
 - Level 2.6 Dodging
 * Level 3.0 Unarmed Combat


You couldn't memorise any spells.
You didn't know any spells.
Your spell library was empty.

Dungeon Overview and Level Annotations

Branches:
Dungeon (1/15)

Altars:


Message History

You are too injured to fight recklessly!
You are too injured to fight recklessly!
You are too injured to fight recklessly!
You are too injured to fight recklessly!
You are too injured to fight recklessly!
You are too injured to fight recklessly!
You are too injured to fight recklessly!
You are too injured to fight recklessly!
You are too injured to fight recklessly!
You are too injured to fight recklessly!
You are too injured to fight recklessly!
You are too injured to fight recklessly!
You are too injured to fight recklessly!
You are too injured to fight recklessly!
You escape the ball python's grasp.
There is an open door here.
You completely miss the ball python. The ball python completely misses you.
The ball python grabs you. The ball python constricts you.
You hit the ball python.
The ball python is moderately wounded.
The ball python bites you. The ball python constricts you.
You hit the ball python.
The ball python is severely wounded.
The ball python bites you. The ball python constricts you.
You closely miss the ball python.
The ball python is severely wounded.
The ball python closely misses you. The ball python constricts you.
The ball python bites you.
* * * LOW HITPOINT WARNING * * *
x2 The ball python constricts you.
You hit the ball python.
You kill the ball python!
Your Unarmed Combat skill increases to level 3!
Throw: 3 throwing nets
Press: ? - help, Q - select action Shift-Dir - straight line, f - hobgoblin
Aim: a hobgoblin (59% to hit)
You throw a throwing net.
The throwing net closely misses the hobgoblin.
The hobgoblin hits you.
You die...

### #.# #.##############
#..............#
#@############.#
####g#........# #.#
########........####.# #.#
[......#........# #.# #.# #
....)..#........####.###.###
..!..g.'...................'
.......#.............###.###
.......#...(....#.#### #.# #
.......#........#.######.# #


You could see a hobgoblin.

Vanquished Creatures
  3 jackals (D:1)
  A ball python (D:1)
  A bat (D:1)
5 creatures vanquished.

Notes
Turn   | Place    | Note
-------+----------+-------------------------------------------
     0 | D:1      | Alarkh the Demonspawn Gladiator began the quest for the
                  | Orb.
     0 | D:1      | Reached XP level 1. HP: 16/16 MP: 1/1
   255 | D:1      | Reached skill level 3 in Unarmed Combat
   255 | D:1      | Slain by a hobgoblin

Illustrated notes

Levels and vault maps discovered:
D:1:      dpeg_arrival_tiny_d, layout_basic

Skill      XL: |  1 |
---------------+----+-----
Unarmed Combat | 3 |  3.0
Fighting       | |  2.1
Throwing       | |  1.7
Dodging        | |  2.6

Action                   || total
-------------------------++-------
Melee: Unarmed           ||    30
Throw: Throwing net      ||     1
Armor: Leather armour    ||    11
Dodge: Dodged            ||    16

Table legend: (Time is in decaauts)
 A = Elapsed time spent in this place.
 B = Non-inter-level travel time spent in this place.
 C = Inter-level travel time spent in this place.
 D = Time resting spent in this place.
 E = Time spent auto-exploring this place.
 F = Levels seen in this place.
 G = Mean time per level.
                   A        B        C        D        E       F      G
               +--------+--------+--------+--------+--------+-----+--------+
         Total |    253 |    253 |      0 |     69 |    140 |   1 |  253.0 |
       Dungeon |    253 |    253 |      0 |     69 |    140 |   1 |  253.0 |
               +--------+--------+--------+--------+--------+-----+--------+

Top non-repeatable levels by time:
     D:1: 253 daAuts
